 Dungeon Crawl Stone Soup version 0.27-a0-650-g8dd3ea4f36 (webtiles) character file.

Game seed: 9997206594326497475

9396 srzhan31 the Destroyer (level 11, -19/62 HPs)
             Began as a Gargoyle Conjurer on Mar 15, 2021.
             Was an Elder of Vehumet.
             Hit by a large rock thrown by a cyclops (44 damage)
             ... on level 11 of the Dungeon.
             The game lasted 00:29:24 (12107 turns).

srzhan31 the Destroyer (Gargoyle Conjurer)         Turns: 12107, Time: 00:29:24

Health: -19/62     AC: 15    Str: 12    XL:     11   Next: 45%
Magic:  3/21       EV: 12    Int: 27    God:    Vehumet [****..]
Gold:   631        SH:  4    Dex:  8    Spells: 10/24 levels left

rFire    . . .     SeeInvis .   E - staff of conjuration
rCold    . . .     Faith    .   z - +0 buckler
rNeg     + . .     Spirit   .   c - +0 troll leather armour
rPois    ∞         Reflect  .   d - +0 helmet
rElec    +         Harm     .   (no cloak)
rCorr    .         Rampage  .   O - +0 pair of gloves
Will     .....                  (no boots)
Stlth    +.........             (no amulet)
HPRegen  1.20/turn              g - ring of wizardry
MPRegen  0.17/turn              l - +6 ring of intelligence

@: no status effects
A: AC +8, negative energy resistance 1, electricity resistance, torment
resistance 1, unbreathing 1, petrification resistance
a: Renounce Religion


You were on level 11 of the Dungeon.
You worshipped Vehumet.
Vehumet was greatly pleased with you.
You visited 2 branches of the dungeon, and saw 12 of its levels.

You collected 631 gold pieces.

Inventory:

Hand Weapons
 G - the +11 rapier "Ciask" {freeze, rPois rC+ Will+ Stlth+}
   (You found it on level 7 of the Dungeon)

   It has been specially enchanted to freeze those struck by it, causing extra
   injury to most foes and up to half again as much damage against particularly
   susceptible opponents.
   It can also slow down cold-blooded creatures.
   It protects you from cold.
   It protects you from poison.
   It affects your willpower, your defense against some magical effects.
   It makes you more stealthy.
Missiles
 i - 60 poisoned darts (quivered)
 m - 83 bolts
 L - 2 curare-tipped darts
Armour
 c - a +0 troll leather armour (worn)
 d - a +0 helmet (worn)
 p - a +2 robe of willpower
 z - a +0 buckler (worn)
 C - the +5 ring mail of Momi {rC+ Will+ Int-5 SInv}
   (You found it on level 6 of the Dungeon)

   It affects your intelligence (-5).
   It protects you from cold.
   It affects your willpower, your defense against some magical effects.
   It lets you see invisible.
 O - a +0 pair of gloves (worn)
Magical Staves
 o - a staff of cold
 E - a staff of conjuration (weapon)
Jewellery
 g - a ring of wizardry (right hand)
 l - a +6 ring of intelligence (left hand)
 s - a ring of fire
 y - a ring of see invisible
 B - a ring of willpower
 F - a ring of ice
Wands
 v - a wand of flame (11)
 w - a wand of acid (7)
 I - a wand of polymorph (13)
 K - a wand of mindburst (15)
 M - a wand of iceblast (5)
Scrolls
 a - 3 scrolls of enchant weapon
 e - a scroll of fear {unknown}
 h - 2 scrolls of fog
 k - 3 scrolls of blinking
 n - 2 scrolls of identify
 q - 2 scrolls of immolation {unknown}
 r - a scroll of magic mapping {unknown}
 t - 2 scrolls of amnesia {unknown}
 x - a scroll of enchant armour {unknown}
 A - 4 scrolls of teleportation {unknown}
 D - a scroll of torment {unknown}
 P - a scroll of noise {unknown}
 Q - a scroll of random uselessness {unknown}
Potions
 b - a potion of might {unknown}
 f - 3 potions of attraction {unknown}
 j - 2 potions of curing {unknown}
 u - 2 potions of degeneration {unknown}
 H - a potion of brilliance {unknown}
 J - a potion of berserk rage {unknown}
 N - 3 potions of heal wounds
 R - a potion of resistance {unknown}


   Skills:
 * Level 4.9 Fighting
 * Level 4.3 Staves
 * Level 4.0 Throwing
 * Level 5.6 Armour
 * Level 4.1 Dodging
 - Level 2.3 Stealth
 * Level 4.9 Shields
 * Level 7.2 Spellcasting
 * Level 9.3 Conjurations
 * Level 4.0 Translocations
 * Level 4.1 Ice Magic
 + Level 0.2 Air Magic
 * Level 4.0 Evocations


You had 10 spell levels left.
You knew the following spells:

 Your Spells              Type           Power      Damage    Failure   Level
a - Magic Dart            Conj           100%       1d8       1%          1
b - Searing Ray           Conj           100%       3d7       1%          2
c - Iskenderun's Mystic   Conj/Tloc      62%        2d13      1%          4
d - Hailstorm             Conj/Ice       62%        3d13      1%          4
e - Mephitic Cloud        Conj/Pois/Air  40%        N/A       1%          3

Your spell library contained the following spells:

 Spells                   Type           Power      Damage    Failure   Level
 Ignite Poison            Fire/Tmut/Pois 9%         N/A       2%          3
 Blink                    Tloc           N/A        N/A       1%          2
 Conjure Flame            Conj/Fire      51%        6-21      1%          3
 Dazzling Flash           Conj/Hex       100%       N/A       1%          3
 Fulminant Prism          Conj/Hex       25%        3d14      1%          4
 Beastly Appendage        Tmut           18%        N/A       3%          1
 Call Imp                 Summ           9%         N/A       4%          2
 Slow                     Hex            9%         N/A       4%          2
 Wereblood                Tmut           9%         N/A       4%          2
 Spider Form              Tmut/Pois      4%         N/A       9%          3
 Ice Form                 Ice/Tmut       21%        N/A       12%         4
 Freezing Cloud           Conj/Ice/Air   25%        6-21      17%         6
 Metabolic Englaciation   Hex/Ice        10%        N/A       32%         5
 Blade Hands              Tmut           4%         N/A       58%         5
 Ozocubu's Refrigeration  Ice            16%        4d8       67%         7
 Simulacrum               Ice/Necr       10%        N/A       86%         6


Dungeon Overview and Level Annotations

Branches:
Dungeon (11/15)            Temple (1/1) D:5            Lair (0/6) D:9
    Orc (0/2) D:9

Altars:
Ashenzari
Dithmenos
Elyvilon
Fedhas
Hepliaklqana
Makhleb
Okawaru
Ru
Sif Muna
Vehumet
Wu Jian
Xom
Yredelemnul
Zin
The Shining One

Shops:
D:4 ?   D:5 ([   D:7 *   D:9 =

Portals:
Trove: D:10 (give 14 potions of heal wounds)

Annotations:
D:4 2 transporters


Innate Abilities, Weirdness & Mutations

Your stone body is resilient. (AC +8)
You are immune to poison.
You resist negative energy. (rN+)
You are resistant to electric shocks. (rElec)
You are resistant to unholy torment.
You can survive without breathing.
You are immune to petrification.


Message History

Aim: a worker ant (17% to evade)
You feel a surge of power!
The searing ray hits the worker ant!
The worker ant is heavily wounded. (Press . to maintain the ray.)
You hear the thunderous beating of a very distant drum.
A cyclops comes into view.
The searing ray hits the worker ant.
The worker ant is almost dead.
The searing ray hits the worker ant!
You kill the worker ant!
Vehumet accepts your kill.
Casting: Searing Ray (safe; 1% risk of failure)
Confirm with . or Enter, or press ? or * to list all spells.
Aiming: Searing Ray (safe; 1% risk of failure)
Press: ? - help, Shift-Dir - straight line, f - cyclops
Aim: a cyclops, quivering large rocks (2% to evade)
You feel a surge of power!
The searing ray hits the cyclops!
The cyclops is moderately wounded. (Press . to maintain the ray.) Unknown command.
The searing ray hits the cyclops.
The cyclops is moderately wounded.
The cyclops throws a large rock.
The large rock hits you!!
The searing ray hits the cyclops.
The cyclops is heavily wounded.
The searing ray hits the cyclops!
The cyclops is severely wounded.
You finish channeling your searing ray.
Casting: Searing Ray (safe; 1% risk of failure)
Confirm with . or Enter, or press ? or * to list all spells.
You don't have enough magic to cast this spell.
Unknown command.
Found a stone staircase leading down.
There is a stone staircase leading down here.
The cyclops throws a large rock.
The large rock hits you!!
Ouch! That really hurt!
You open the door.
The cyclops throws a large rock.
The large rock hits you!!!
Ouch! That really hurt!
You die...

............#######......#
....##+##+#..............#
.... ...########.......###
.........#..........
........#..........
.......#.......... ....
#....).....
########'#+###..........
.......@..>..C..........
###.......#########+#...
#....#### ... #.... .
#.... #.... #.... #....


You could see a cyclops.

Vanquished Creatures
  2 two-headed ogres
  An ugly thing (D:11)
  A cyclops (D:11)
  A manticore (D:7)
  An elephant (D:9)
  Maurice (D:8)
  A troll (D:11)
  2 wyverns
  Sigmund (D:6)
  A basilisk (D:9)
  Eustachio (D:4)
  5 yaks (D:10)
  4 sky beasts
  2 ice beasts
  3 orc warriors
  2 ogres
  4 black bears
  3 centaurs
  2 phantoms
  2 kobold brigands (D:8)
  2 bullfrogs
  A gnoll sergeant (D:9)
  4 scorpions
  6 killer bees (D:8)
  10 wights
  2 electric eels (D:5)
  A howler monkey (D:6)
  A bullfrog zombie (D:10)
  2 jellies
  2 quasits
  A centaur skeleton (D:9)
  9 orc priests
  5 hounds
  An iguana (D:10)
  Terence (D:3)
  15 orc wizards
  8 worker ants
  2 hound skeletons
  3 gnolls (D:9)
  4 worker ant zombies
  9 adders
  2 shadow imps (D:7)
  2 white imps
  An ufetubus (D:10)
  An adder zombie (D:8)
  3 adder skeletons
  4 worms
  2 dart slugs (D:1)
  4 leopard geckos
  66 orcs
  4 giant cockroaches
  2 gnoll zombies (D:3)
  8 goblins
  5 hobgoblins
  10 jackals
  6 quokkas
  2 ball pythons (D:2)
  9 bats
  5 frilled lizards
  21 kobolds
  5 rats
291 creatures vanquished.

Vanquished Creatures (others)
  7 plants
  3 withered plants (D:3)
10 creatures vanquished.

Grand Total: 301 creatures vanquished

Notes
Turn   | Place    | Note
-------+----------+-------------------------------------------
     0 | D:1      | srzhan31 the Gargoyle Conjurer began the quest for the Orb.
     0 | D:1      | Reached XP level 1. HP: 10/10 MP: 3/3
   261 | D:1      | Reached XP level 2. HP: 15/15 MP: 3/5
   264 | D:1      | Learned a level 2 spell: Searing Ray
   980 | D:2      | Reached XP level 3. HP: 19/19 MP: 2/6
  1136 | D:2      | Found a faded altar of an unknown god.
  1170 | D:2      | Reached skill level 5 in Conjurations
  1464 | D:2      | Reached XP level 4. HP: 23/24 MP: 0/7
  1558 | D:2      | Reached skill level 1 in Shields
  1932 | D:2      | Learned a level 4 spell: Iskenderun's Mystic Blast
  2341 | D:3      | Reached skill level 1 in Armour
  2450 | D:3      | Reached skill level 1 in Fighting
  2450 | D:3      | Reached XP level 5. HP: 13/29 MP: 1/9
  2515 | D:3      | Noticed Terence
  2564 | D:3      | Killed Terence
  3114 | D:3      | Found a blossoming altar of Fedhas.
  3416 | D:3      | Reached XP level 6. HP: 31/34 MP: 2/10
  3853 | D:4      | Found Kuxt's Magic Scroll Emporium.
  3963 | D:4      | Reached skill level 1 in Translocations
  3979 | D:4      | Reached skill level 1 in Throwing
  4111 | D:4      | Found a transporter.
  4300 | D:4      | Noticed Eustachio
  4308 | D:4      | Killed Eustachio
  4309 | D:4      | Reached skill level 1 in Staves
  4309 | D:4      | Reached skill level 1 in Evocations
  4309 | D:4      | Reached XP level 7. HP: 39/39 MP: 2/12
  4310 | D:4      | Found a transporter.
  4538 | D:4      | Reached skill level 1 in Ice Magic
  4730 | D:5      | Entered Level 5 of the Dungeon
  4853 | D:5      | Found a transporter.
  4870 | D:5      | Found a transporter.
  4895 | D:5      | Reached XP level 8. HP: 35/44 MP: 7/13
  5013 | D:5      | Found a staircase to the Ecumenical Temple.
  5025 | Temple   | Entered the Ecumenical Temple
  5050 | Temple   | Became a worshipper of Vehumet
  5115 | D:5      | Reached skill level 6 in Conjurations
  5469 | D:5      | Found Cyv Waq's Antique Armour Shop.
  5737 | D:5      | Found Giym's Antique Weapon Boutique.
  6039 | D:6      | Identified the +5 ring mail of Momi {rC+ Will+ Int-5 SInv}
  6064 | D:6      | Noticed Sigmund
  6072 | D:6      | Killed Sigmund
  6347 | D:6      | Reached XP level 9. HP: 49/49 MP: 8/15
  6559 | D:6      | Reached * piety under Vehumet
  6559 | D:6      | Offered knowledge of Freeze by Vehumet.
  6804 | D:6      | Found a shimmering blue altar of Sif Muna.
  7117 | D:7      | Found a white marble altar of Elyvilon.
  7691 | D:7      | Reached skill level 7 in Conjurations
  7699 | D:7      | Identified the +11 rapier "Ciask" {freeze, rPois rC+ Will+
                  | Stlth+}
  7739 | D:7      | Found Duylocuj's General Store.
  7988 | D:7      | Noticed a manticore
  7998 | D:7      | Killed a manticore
  7999 | D:7      | Reached skill level 5 in Spellcasting
  8645 | D:8      | Reached ** piety under Vehumet
  8647 | D:8      | Offered knowledge of Sandblast by Vehumet.
  8773 | D:8      | Found a glowing golden altar of the Shining One.
  8828 | D:8      | Noticed Maurice
  8836 | D:8      | Killed Maurice
  8837 | D:8      | Reached XP level 10. HP: 56/56 MP: 10/18
  9025 | D:8      | Found a shadowy altar of Dithmenos.
  9026 | D:8      | Found a hazy altar of Hepliaklqana.
  9425 | D:8      | Reached skill level 8 in Conjurations
  9427 | D:8      | Offered knowledge of Static Discharge by Vehumet.
 10027 | D:9      | Found a broken altar of Ashenzari.
 10027 | D:9      | Found a shimmering altar of Xom.
 10079 | D:9      | Reached *** piety under Vehumet
 10255 | D:9      | Found a staircase to the Lair.
 10255 | D:9      | Noticed an elephant
 10264 | D:9      | Killed an elephant
 10460 | D:9      | Found Fylampol's Jewellery Emporium.
 10625 | D:9      | Offered knowledge of Hailstorm by Vehumet.
 10881 | D:9      | Found a staircase to the Orcish Mines.
 10904 | D:9      | Noticed a two-headed ogre
 10911 | D:9      | Killed a two-headed ogre
 10912 | D:9      | Reached skill level 5 in Armour
 10974 | D:10     | Entered Level 10 of the Dungeon
 11024 | D:10     | Learned a level 4 spell: Hailstorm
 11157 | D:10     | Reached XP level 11. HP: 56/62 MP: 12/20
 11314 | D:10     | Reached **** piety under Vehumet
 11506 | D:10     | Found a portal to a secret trove of treasure.
 11512 | D:10     | Found a shimmering altar of Xom.
 11532 | D:10     | Reached skill level 9 in Conjurations
 11636 | D:10     | Offered knowledge of Ignite Poison by Vehumet.
 11833 | D:10     | Learned a level 3 spell: Mephitic Cloud
 11884 | D:11     | Noticed a cyclops
 11908 | D:11     | Killed a cyclops
 11959 | D:11     | Noticed a cyan ugly thing
 11987 | D:11     | Killed a cyan ugly thing
 12080 | D:11     | Noticed a two-headed ogre
 12089 | D:11     | Killed a two-headed ogre
 12090 | D:11     | Noticed a cyclops
 12107 | D:11     | Hit by a large rock thrown by a cyclops

Illustrated notes

Levels and vault maps discovered:
D:1:      scummos_arrival_simple_fountains, layout_rooms
D:2:      layout_basic, chequers_ecumenical_altar_island, minmay_tall_x
D:3:      layout_loops_ring, lemuel_zombie_altar_yredelemnul, serial_undead,
          serial_undead_b, serial_undead_d, serial_undead_b, serial_undead_e,
          fedhas_altar_fruit_tree, uniq_terence
D:4:      layout_basic, gammafunk_ghost_gnarly_gnolls, serial_shops,
          kennysheep_little_box, uniq_eustachio
D:5:      gammafunk_steamed_eel, layout_basic, minmay_temple_entry_waves,
          serial_shops, nicolae_shop_crystal, shop
D:6:      layout_loops_ring, kennysheep_mini, uniq_sigmund
D:7:      layout_gridville, serial_shops, shop, elyvilon_altar_1
D:8:      layout_loops_corners, tso_metal_star,
          riverfiend_overflow_shadow_ancestor, uniq_maurice
D:9:      layout_roguey, gammafunk_temple_overflow_statue, david_lair_generic,
          hiddenorc1_lemuel, serial_shops, nicolae_shop_stone,
          minmay_curled_crystal
D:10:     layout_roguey, basic_altar, nicolae_trove_entry_free_sample
D:11:     layout_irregular_city, gauntlet_entry_generic, roderic_serpentine_path
Temple:   regret_index_temple_waves

Skill      XL: |  1  2  3  4  5  6  7  8  9 10 11 |
---------------+----------------------------------+-----
Conjurations   | 5 6 7 8 9 |  9.3
Dodging        | 2 3 4 |  4.1
Shields        | 1 2 3 4 |  4.9
Armour         | 1 2 3 4 5 |  5.6
Fighting       | 1 2 3 4 |  4.9
Spellcasting   | 3 4 5 6 7 |  7.2
Translocations | 1 2 3 4 |  4.0
Throwing       | 1 2 3 4 |  4.0
Staves         | 1 2 3 4 |  4.3
Evocations     | 1 2 3 4 |  4.0
Ice Magic      | 1 2 3 4 |  4.1
Stealth        | |  2.3
Air Magic      | |  0.2

Action                   |  1- 3 |  4- 6 |  7- 9 | 10-12 || total
-------------------------+-------+-------+-------+-------++-------
Melee: Unarmed           |     9 |     7 |       |       ||    16
       Staff             |       |     4 |     6 |     6 ||    16
Throw: Dart              |       |    20 |     1 |     2 ||    23
 Cast: Magic Dart        |    19 |       |       |       ||    19
       Searing Ray       |    17 |    42 |    64 |    66 ||   189
       Iskenderun's Myst |       |       |     5 |    20 ||    25
       Mephitic Cloud    |       |       |       |     1 ||     1
  Use: Scroll            |       |       |       |     4 ||     4
Armor: Troll leather arm |    32 |    23 |    19 |    38 ||   112
Dodge: Dodged            |    49 |    30 |    31 |    51 ||   161
Block: Buckler           |       |       |     8 |    14 ||    22

Table legend: (Time is in decaauts)
 A = Elapsed time spent in this place.
 B = Non-inter-level travel time spent in this place.
 C = Inter-level travel time spent in this place.
 D = Time resting spent in this place.
 E = Time spent auto-exploring this place.
 F = Levels seen in this place.
 G = Mean time per level.
                   A        B        C        D        E       F      G
               +--------+--------+--------+--------+--------+-----+--------+
         Total |  12114 |  11843 |    271 |      0 |   9245 |  12 | 1009.5 |
       Dungeon |  12057 |  11786 |    271 |      0 |   9228 |  11 | 1096.1 |
        Temple |     56 |     56 |      0 |      0 |     17 |   1 |   56.0 |
               +--------+--------+--------+--------+--------+-----+--------+

Top non-repeatable levels by time:
     D:3: 1446 daAuts
     D:8: 1401 daAuts
     D:2: 1388 daAuts
     D:7: 1360 daAuts
     D:5: 1193 daAuts
     D:6: 1120 daAuts
     D:9: 1112 daAuts
     D:4: 1023 daAuts
     D:1: 879 daAuts
    D:10: 860 daAuts
    D:11: 270 daAuts
  Temple: 56 daAuts
